 Dungeon Crawl Stone Soup version 0.29.0-4-gdea44cf6ec (webtiles) character file.

Game seed: 1074849761266688568

72 qw the Chopper (level 4, -2/26 HPs)
             Began as a Tengu Warper on Aug 28, 2022.
             Slain by a gnoll
             ... wielding a +1 halberd of venom
              (5 damage)
             ... on level 2 of the Dungeon.
             The game lasted 00:00:08 (1338 turns).

qw the Chopper (Tengu Warper)                       Turns: 1338, Time: 00:00:08

Health: -2/26      AC:  8    Str: 13    XL:     4   Next: 26%
Magic:  8/8        EV:  6    Int: 14    God:
Gold:   41         SH:  0    Dex: 13    Spells: 7/7 levels left

rFire   . . .      SeeInvis .   a - +0 war axe
rCold   . . .      Faith    .   (no shield)
rNeg    . . .      Spirit   .   h - +0 chain mail
rPois   .          Reflect  .   (helmet restricted)
rElec   .          Harm     .   (no cloak)
rCorr   .          Rampage  .   (no gloves)
Will    .....                   (boots unavailable)
Stlth   ..........              (no amulet)
HPRegen 0.08/turn               (no ring)
MPRegen 0.11/turn               (no ring)

@: lethally poisoned (-2 -> -14)
A: beak, talons 3
a: no special abilities


You were on level 2 of the Dungeon.
You visited 1 branch of the dungeon, and saw 2 of its levels.

You collected 41 gold pieces.


Innate Abilities, Weirdness & Mutations

You have a beak for a mouth.
You have claws for feet.


   Skills:
 - Level 2.0 Fighting
 + Level 4.8 Axes
 - Level 1.0 Throwing
 - Level 1.1 Armour
 - Level 2.1 Dodging
 - Level 2.0 Spellcasting
 - Level 2.4 Translocations


You had 7 spell levels left.
You didn't know any spells.
Your spell library contained the following spells:

 Spells                   Type           Power      Damage    Failure   Level
 Blink                    Tloc           16%        N/A       99%         2
 Gell's Gravitas          Tloc           8%         N/A       100%        3
 Lesser Beckoning         Tloc           8%         N/A       100%        3
 Teleport Other           Tloc           8%         N/A       100%        3
 Manifold Assault         Tloc           8%         N/A       100%        5

Inventory:

Hand Weapons
 a - a +0 war axe (weapon)
 f - a +0 mace
Armour
 h - a +0 chain mail (worn)
Potions
 d - a potion of magic {unknown}
 g - a potion of degeneration {unknown}

Dungeon Overview and Level Annotations

Branches:
Dungeon (2/15)

Altars:


Message History

You hit the gnoll. Your kick misses the gnoll. Your peck misses the gnoll.
The gnoll is heavily wounded.
The gnoll barely misses you.
You hit the gnoll but do no damage. You claw the gnoll. You peck the gnoll.
The gnoll is almost dead.
The gnoll hits you with a +0 club.
You barely miss the gnoll.
The gnoll is almost dead.
The gnoll barely misses you.
You barely miss the gnoll. Your kick misses the gnoll.
The gnoll is almost dead.
The gnoll hits you with a +0 club. x2
You hit the gnoll.
You kill the gnoll!
You have reached level 4!
You feel clever.
You start resting.
HP restored.
You see here a +0 spear.
Things that are here:
a +0 club; a gnoll corpse 2 gnolls come into view.
The gnoll shouts!
You hear a shout! x2
Enter note: A gnoll comes into view. It is wielding a +0 halberd.
A gnoll comes into view. It is wielding a +1 halberd of venom.
1334 ||| Stepping ~*~*~tactically~*~*~ (hiding).
You slash the gnoll! You claw the gnoll.
The gnoll is severely wounded.
The gnoll hits you with a +0 club.
You hit the gnoll.
You kill the gnoll!
The gnoll hits you with a +0 halberd! The gnoll closely misses you.
Things that are here:
a +0 club; a gnoll corpse You hit the gnoll.
The gnoll is moderately wounded.
The gnoll hits you from afar with a +1 halberd of venom!
You are lethally poisoned!
The gnoll hits you from afar with a +1 halberd of venom.
You die...

################
#.#.....##.....# ###
#.......#.###.### ...
##.###..........# ##.#
##.......#####)#
#..g###.###....# #).
#...g#......8###...###
#@#......+ .._...%
#.#####.8# #...###
#.......# #....#8 #..
####.#### ####.#####.#
# #.........#
...#####...#
..#####..##
...............
......#..##.##.


You could see 2 gnolls.

Vanquished Creatures
  4 gnolls (D:2)
  A dart slug (D:1)
  5 ball pythons
  2 bats (D:2)
  2 endoplasms (D:1)
  A giant cockroach (D:1)
  A goblin (D:1)
  3 hobgoblins
  3 kobolds (D:1)
  3 quokkas
  4 frilled lizards
  4 rats
33 creatures vanquished.

Notes
Turn   | Place    | Note
-------+----------+-------------------------------------------
     0 | D:1      | qw the Tengu Warper began the quest for the Orb.
     0 | D:1      | Reached XP level 1. HP: 12/12 MP: 4/4
     0 | D:1      | 0 ||| qw: Version: 0.1-a-89-g26bdef1
     0 | D:1      | 0 ||| qw: Game counter: 1885
     0 | D:1      | 0 ||| qw: Always use a shield: true
     0 | D:1      | 0 ||| qw: God list: Okawaru
     0 | D:1      | 0 ||| qw: Allow faded altars: false
     0 | D:1      | 0 ||| qw: Do Orc after D:15 true
     0 | D:1      | 0 ||| qw: Do second Lair branch before Depths: true
     0 | D:1      | 0 ||| qw: Lair rune preference: random
     0 | D:1      | 0 ||| qw: Plans: Normal
     0 | D:1      | 0 ||| PLANNING D:1-11
   304 | D:1      | Reached skill level 3 in Axes
   304 | D:1      | Reached XP level 2. HP: 13/17 MP: 6/6
   750 | D:1      | 750 ||| Stepping ~*~*~tactically~*~*~ (stealth).
   997 | D:1      | 997 ||| UPGRADING to +0 chain mail.
  1007 | D:1      | 1007 ||| DROPPING +0 leather armour.
  1008 | D:1      | 1008 ||| READING scroll labelled ATATOSH ROYXEOPOCO.
  1009 | D:1      | 1009 ||| DROPPING scroll of blinking.
  1039 | D:2      | Reached XP level 3. HP: 21/21 MP: 7/7
  1069 | D:2      | 1069 ||| SWAPPING to +0 war axe.
  1074 | D:2      | 1074 ||| DROPPING +1 hand axe.
  1088 | D:2      | Reached skill level 4 in Axes
  1138 | D:2      | Found a faded altar of an unknown god.
  1145 | D:2      | 1145 ||| Stepping ~*~*~tactically~*~*~ (hiding).
  1158 | D:2      | Reached XP level 4. HP: 13/26 MP: 8/8
  1334 | D:2      | 1334 ||| Stepping ~*~*~tactically~*~*~ (hiding).
  1338 | D:2      | HP: 3/26 [gnoll/+1 halberd of venom (8)]
  1338 | D:2      | Slain by a gnoll

Levels and vault maps discovered:
D:1:      lightli_iron_boxes, layout_loops_cross, serial_bayou_lagoon_a,
          minmay_misc_feat_ornament
D:2:      layout_loops_cross, dreamdust_ecumenical_altar_angels_and_demons,
          uniq_jessica

Skill      XL: |  1  2  3 |
---------------+----------+-----
Axes           | 3 4 |  4.8
Fighting       | |  2.0
Throwing       | |  1.0
Armour         | |  1.1
Dodging        | |  2.1
Spellcasting   | |  2.0
Translocations | |  2.4

Action                   |  1- 3 |  4- 6 || total
-------------------------+-------+-------++-------
Melee: Hand axe          |    38 |       ||    38
       Kick              |     8 |     1 ||     9
       Peck              |     5 |       ||     5
       Punch             |     1 |       ||     1
       War axe           |    22 |     3 ||    25
Throw: Boomerang         |     7 |       ||     7
  Use: Scroll            |     1 |       ||     1
 Stab: Sleeping          |     1 |       ||     1
Armor: Leather armour    |     6 |       ||     6
       Chain mail        |    11 |       ||    11
Dodge: Dodged            |    28 |     1 ||    29

Table legend:
 A = Non-vault XP
 B = Vault XP
 C = Vault XP percentage of total XP
 D = Non-vault monster count
 E = Vault monster count
 F = Vault count percentage of total count
                 A         B        C        D         E       F
            +---------+---------+-------+---------+---------+-------
      Total |     104 |       0 |   0.0 |      33 |       0 |   0.0
            +---------+---------+-------+---------+---------+-------
        D:1 |      33 |       0 |   0.0 |      20 |       0 |   0.0
        D:2 |      71 |       0 |   0.0 |      13 |       0 |   0.0
            +---------+---------+-------+---------+---------+-------
